Map: Flooded City

Players

Spphotonic

  • Race: Protoss Protoss
  • Spawn Location: 6:00

Fortinator

  • Race: Terran Terran
  • Spawn Location: 6:00

MonstroTown - Winner!

  • Race: Terran Terran
  • Spawn Location: 12:00

Michael - Winner!

  • Race: Zerg Zerg
  • League: Gold
  • Spawn Location: 12:00

VOD

Have the link to the VOD?

Description

Time

  • Played on: Oct. 1, 2018, 6:30 p.m.
  • Length: 17:05
Show
View Real Time Build Order
Export as new Build Order

Spphotonic Protoss 

Build Orders:  

Get SALT Encoding   

  12  0:02  Probe  
  13  0:14  Pylon  
  13  0:19  Probe  
  14  0:32  Forge  
  14  0:37  Probe  
  15  0:55  Assimilator  
  15  1:08  Gateway  
  15  1:10  Pylon  
  15  1:13  Probe, Assimilator  
  16  1:25  Probe  
  17  1:46  Nexus  
  17  1:58  Pylon  
  17  1:59  Zealot  
  19  2:07  Probe  
  20  2:13  Cybernetics Core  
  20  2:19  Probe  
  21  2:32  Photon Cannon  
  21  2:54  Warp Gate  
  21  3:01  Stalker  
  23  3:26  Gateway  
  23  3:28  Pylon  
  23  3:32  Pylon  
  23  4:01  Stalker  
  25  4:14  Stalker  
  22  4:31  Stalker  
  24  4:40  Assimilator  
  24  4:51  Stargate  
  24  5:21  Pylon  
  24  5:25  Nexus  
  24  5:28  Pylon  
  24  5:33  Stalker x2  
  28  5:48  Probe  
  28  5:56  Probe  
  29  5:58  Photon Cannon  
  29  6:01  Photon Cannon  
  30  6:06  Probe  
  30  6:08  Stalker x2  
  35  6:13  Assimilator  
  35  6:24  Void Ray  
  39  6:38  Probe  
  39  6:46  Probe, Stalker x2  
  44  6:47  Probe  
  46  6:55  Probe  
  46  6:59  Void Ray  
  47  7:06  Probe  
  51  7:13  Probe  
  51  7:14  Probe  
  53  7:22  Stalker x2  
  56  7:24  Probe  
  56  7:25  Probe  
  60  7:36  Probe  
  61  7:39  Stargate  
  61  7:40  Pylon  
  61  7:50  Probe  
  61  7:57  Stalker  
  64  7:58  Probe  
  64  7:59  Stalker  
  67  8:42  Void Ray x2  
  67  8:43  Probe  
  76  8:50  Assimilator  
  76  8:52  Probe  
  76  8:56  Nexus  
  76  9:01  Probe  
  78  9:14  Pylon  
  78  9:15  Pylon  
  78  9:23  Protoss Air Weapons Level 1, Pylon  
  60  10:15  Void Ray x2  
  60  10:20  Stalker x2  
  56  10:31  Probe  
  56  10:32  Assimilator  
  57  10:40  Stargate  
  57  10:47  Pylon  
  57  10:54  Stargate  
  57  10:55  Probe  
  57  11:02  Assimilator  
  57  11:03  Probe  
  58  11:06  Void Ray x2  
  67  11:13  Probe  
  67  11:14  Stalker  
  67  11:15  Stalker  
  68  11:35  Void Ray  
  72  11:44  Void Ray  
  76  11:49  Void Ray  
  76  11:51  Fleet Beacon  
  76  11:53  Void Ray  
  84  12:29  Void Ray x2  
  73  13:08  Void Ray x2  
  73  13:09  Stalker  
  73  13:10  Stalker  
  77  13:26  Void Ray  
  81  13:48  Void Ray  
  70  14:15  Void Ray  
Show
View Real Time Build Order
Export as new Build Order

Fortinator Terran 

Build Orders:  

Get SALT Encoding   

  12  0:01  SCV  
  13  0:13  SCV  
  14  0:24  Supply Depot  
  14  0:31  SCV  
  15  0:41  Refinery  
  15  0:45  SCV  
  15  0:48  Barracks  
  16  0:57  SCV  
  17  1:09  SCV  
  18  1:28  Supply Depot  
  18  1:50  SCV  
  19  2:00  Barracks  
  19  2:06  SCV  
  20  2:10  Refinery  
  20  2:12  Marine  
  21  2:19  SCV  
  22  2:30  Command Center, Marine  
  22  2:31  SCV  
  24  2:48  Barracks Reactor, Marine  
  25  2:51  Orbital Command  
  25  3:06  Marine  
  26  3:21  Factory  
  26  3:24  Marine  
  26  3:30  Marine x2  
  28  3:35  Supply Depot  
  28  3:39  Engineering Bay  
  28  3:44  Marine  
  28  3:48  Marine x2  
  31  4:02  Marine  
  32  4:06  Marine x2  
  32  4:23  Supply Depot  
  32  4:29  Factory Reactor  
  32  4:45  Marine x3  
  35  4:48  Terran Infantry Armor Level 1  
  35  4:49  SCV  
  36  4:53  Supply Depot  
  36  5:02  Marine  
  36  5:07  Marine x2  
  39  5:35  Barracks Reactor  
  38  5:51  Bunker  
  38  5:57  Marine x2  
  40  6:07  Supply Depot  
  40  6:11  Barracks  
  40  6:13  Factory  
  40  6:15  Marine x2  
  42  6:19  Marine x2  
  44  6:33  Marine x2  
  46  6:42  Terran Infantry Weapons Level 1  
  46  6:48  Starport  
  46  6:51  Marine  
  47  6:57  Factory  
  47  7:00  Factory Tech Lab  
  47  7:06  Armory  
  47  7:17  Command Center  
  47  7:25  Starport  
  47  7:29  SCV  
  48  7:36  Starport Reactor  
  48  7:41  SCV  
  48  7:43  Armory  
  49  7:53  SCV  
  50  8:00  Bunker  
  50  8:07  Marine x2  
  51  8:14  Supply Depot  
  49  8:56  Terran Vehicle And Ship Armor Level 1  
  49  8:57  Terran Vehicle Weapons Level 1  
  49  9:03  Command Center  
  49  9:10  Medivac  
  51  9:24  Medivac  
  49  10:07  Marine x2  
  49  10:08  Marine x2  
  34  10:23  Barracks Tech Lab  
  34  10:25  Marine x4  
  38  10:31  Factory Tech Lab  
  38  10:35  Terran Infantry Armor Level 2  
  38  10:43  Marine x3  
  38  10:45  SCV x2  
  43  10:57  SCV x2  
  45  11:09  SCV  
  34  11:25  Starport Reactor  
  34  11:27  Siege Tank, Starport Reactor  
  34  11:32  Marine x2  
  37  11:33  Marine x2  
  41  11:45  Missile Turret  
  41  11:59  Siege Tank  
  41  12:00  Marine x2  
  41  12:01  Marine  
  39  12:19  Marine x3  
  39  12:32  Siege Tank  
  39  12:37  Marine x3  
  45  12:46  Orbital Command  
  36  12:54  Marine  
  36  12:55  Marine x2  
  25  13:12  Marine x2  
  16  13:13  Marine  
  19  13:24  Refinery  
  19  13:27  SCV  
  19  13:30  Marine  
  19  13:31  Marine x2  
  23  13:39  SCV  
  24  13:51  SCV  
  24  13:53  Missile Turret  
  22  14:03  SCV  
  21  14:13  Missile Turret  
  21  14:15  Siege Tank, SCV, Marine  
  26  14:28  SCV  
  26  14:29  Siege Tank  
  30  14:33  Marine  
  31  14:40  SCV  
  32  14:46  Barracks  
  32  14:51  Marine  
  32  14:52  SCV  
  27  15:04  SCV  
  25  15:10  Hellion  
  24  15:16  SCV  
  24  15:22  Hellion  
  24  15:28  SCV  
  23  15:49  Cyclone  
  18  16:23  Command Center  
  19  16:32  Barracks  
Show
View Real Time Build Order
Export as new Build Order

MonstroTown Terran - Winner!

Build Orders: MMM Bio 

Get SALT Encoding   

  12  0:01  SCV  
  13  0:13  SCV  
  14  0:19  Supply Depot  
  14  0:25  SCV  
  15  0:40  SCV  
  15  0:42  Barracks  
  16  0:53  SCV  
  17  0:57  Refinery  
  17  1:07  Barracks  
  17  1:08  SCV  
  18  1:20  SCV  
  19  1:42  Orbital Command  
  19  1:43  Reaper  
  19  1:52  Barracks  
  19  2:04  Refinery  
  19  2:07  Barracks Tech Lab  
  19  2:09  SCV  
  20  2:16  Marine  
  21  2:34  Marine  
  21  2:35  Factory  
  22  2:42  Marine  
  23  2:47  Supply Depot x2  
  23  3:09  SCV, Marine x3  
  27  3:20  Factory Tech Lab  
  27  3:21  SCV  
  27  3:26  Marine x2  
  32  3:27  Marauder  
  32  3:35  Stimpack  
  32  3:40  Supply Depot  
  31  3:49  Marine  
  31  3:51  Barracks Reactor  
  32  4:13  Marine x2  
  32  4:14  Siege Tank  
  34  4:20  SCV  
  35  4:31  Marine x2  
  35  4:32  SCV, Marine x2  
  40  4:43  Starport  
  40  4:49  Marine  
  41  5:06  Marine x3  
  39  5:24  Medivac  
  41  5:36  Engineering Bay  
  41  5:38  Command Center, Engineering Bay  
  41  5:40  Barracks  
  41  5:42  Barracks  
  41  5:51  Combat Shields  
  41  6:01  Marine  
  41  6:02  Marine  
  43  6:05  Barracks Reactor  
  43  6:12  Armory  
  43  6:25  Supply Depot  
  43  6:37  Marine x2  
  43  6:38  Marine  
  46  6:46  Medivac  
  48  6:52  Marine x3  
  51  7:12  Barracks Tech Lab, Barracks Reactor  
  51  7:13  Marine x5  
  56  7:25  Refinery  
  56  7:26  Medivac  
  58  7:31  Marine  
  58  7:33  Orbital Command  
  58  7:35  Marine  
  60  7:43  Marine x3  
  63  7:46  Concussive Shells  
  63  7:50  Marine  
  64  7:52  SCV  
  65  8:04  SCV  
  66  8:14  Marine x2  
  66  8:15  SCV, Marine  
  70  8:22  Supply Depot  
  70  8:37  SCV x2  
  70  8:39  Marine x3  
  70  8:40  Starport Reactor  
  65  8:41  Marine x2  
  65  8:42  Marine x2  
  69  8:49  SCV x2  
  69  8:53  Supply Depot  
  71  8:55  Terran Infantry Weapons Level 1  
  71  9:03  Siege Tank  
  71  9:04  Marine  
  71  9:07  SCV  
  71  9:09  SCV  
  77  9:19  SCV, Marine x5  
  77  9:20  Marine  
  84  9:52  Marine  
  84  9:53  Marine  
  86  10:01  Marine x2  
  86  10:02  Marine x3  
  86  10:03  Marine  
  84  10:10  Marine x2  
  77  10:17  Siege Tank, Medivac x2  
  77  10:19  Marine x2  
  77  10:20  Marine x2  
  86  10:25  Supply Depot  
  86  10:26  Terran Infantry Armor Level 1, Supply Depot  
  86  10:34  Supply Depot  
  86  10:35  Supply Depot  
  86  10:46  SCV x2, Marine x3  
  91  10:52  Medivac x2  
  91  10:55  Siege Tank  
  91  10:56  Marine x5  
  103  10:58  SCV  
  104  11:04  Marine x2  
  104  11:25  Medivac x2  
  104  11:26  Marine x3  
  104  11:27  Marine x5  
  113  11:36  Supply Depot  
  113  11:37  Supply Depot  
  113  11:38  Missile Turret x2  
  113  11:41  Missile Turret  
  113  11:43  Missile Turret  
  113  11:44  Marine x2  
  112  12:25  Command Center  
  112  12:28  Marine x5  
  112  12:29  Marine x3  
  118  12:32  Supply Depot, Terran Infantry Weapons Level 2  
  118  12:33  SCV x2  
  118  12:35  Supply Depot x2  
  120  12:45  SCV x2  
  120  12:46  Marine  
  123  13:11  Barracks  
  123  13:16  Barracks  
  123  13:17  Marine x2  
  123  13:18  Barracks x2, Marine x6  
  130  13:22  Barracks  
  130  13:25  Barracks  
  130  13:35  Marine x3  
  130  13:36  Marine x5  
  138  13:53  Marine x4  
  138  13:54  Marine x4  
  139  14:06  Thor  
  134  14:10  Viking x2  
  134  14:11  Marine x4  
  134  14:12  Marine x3  
  134  14:13  Barracks Reactor  
  145  14:20  SCV x2  
  147  14:29  Missile Turret  
  147  14:30  Missile Turret  
  147  14:37  Marine  
  147  14:38  Marine x2  
  150  14:44  Barracks Reactor x2  
  150  14:53  Orbital Command  
  147  15:26  Marine x4  
  147  15:27  Marine x6  
  147  15:28  Marine  
  157  15:34  SCV x2, Marine  
  157  15:35  Marine x4  
  164  15:45  Marine x6  
  164  15:46  Marine  
  171  15:54  Marine x2  
  173  16:15  Marine x2  
  173  16:16  Supply Depot  
  173  16:17  Supply Depot x2  
  173  16:32  Marine  
  173  16:37  Marine x2  
  173  16:38  Marine  
  184  16:54  Refinery  
Show
View Real Time Build Order
Export as new Build Order

Michael Zerg - Winner!

Build Orders: Pool First 

Get SALT Encoding   

  12  0:01  Drone  
  13  0:13  Overlord  
  13  0:20  Drone  
  14  0:31  Drone x2  
  14  0:35  Drone  
  17  0:38  Extractor  
  16  0:52  Spawning Pool  
  16  0:53  Drone  
  16  1:05  Drone  
  17  1:13  Drone  
  18  1:31  Hatchery  
  17  1:33  Drone  
  17  1:38  Drone  
  19  1:49  Queen  
  21  1:57  Metabolic Boost  
  21  2:01  Zergling x2  
  22  2:08  Overlord  
  22  2:24  Overlord  
  22  2:31  Zergling x4  
  24  2:42  Zergling x2  
  25  2:49  Zergling x4  
  27  2:57  Zergling x4  
  29  3:02  Drone x3  
  32  3:11  Queen  
  34  3:22  Zergling x8  
  38  3:28  Drone  
  38  3:31  Queen  
  41  3:43  Drone x2  
  41  3:46  Drone  
  44  4:02  Overlord x3  
  43  4:06  Queen  
  43  4:07  Extractor  
  40  4:11  Evolution Chamber  
  36  4:21  Zergling x10  
  36  4:23  Zergling x2  
  38  4:34  Drone  
  40  4:45  Drone  
  40  4:46  Drone x3  
  39  5:05  Zergling x2  
  39  5:06  Zergling x4  
  40  5:23  Hatchery, Lair  
  40  5:27  Spore Crawler  
  38  5:37  Zergling x6  
  38  5:40  Zergling x2  
  42  5:51  Drone  
  42  5:52  Drone x4  
  47  5:57  Zerg Ground Armor Level 1  
  47  6:06  Drone x4  
  47  6:08  Drone  
  52  6:42  Drone  
  52  6:43  Drone x4, Hydralisk Den  
  52  6:45  Infestation Pit  
  55  6:52  Drone x3  
  58  6:57  Extractor  
  58  6:58  Extractor, Spore Crawler  
  58  7:00  Spore Crawler  
  58  7:01  Spine Crawler  
  53  7:02  Drone x7, Spine Crawler  
  53  7:05  Queen  
  62  7:08  Drone x2  
  62  7:10  Drone  
  64  7:18  Muscular Augments  
  64  7:25  Roach Warren  
  63  7:32  Drone x2  
  63  7:33  Drone x6  
  63  7:34  Drone  
  72  7:37  Extractor x2  
  70  7:54  Drone x3  
  70  7:57  Pneumatized Carapace, Burrow  
  73  8:05  Hatchery  
  72  8:10  Spore Crawler  
  72  8:12  Spine Crawler  
  70  8:13  Spore Crawler  
  70  8:16  Hydralisk x2  
  70  8:18  Overlord  
  73  8:20  Overlord  
  73  8:23  Overlord  
  73  8:24  Hatchery  
  73  8:26  Overlord  
  72  8:28  Overlord  
  72  8:30  Drone  
  72  8:31  Drone  
  74  8:38  Hydralisk x2  
  74  8:39  Hydralisk  
  80  8:42  Hydralisk  
  80  8:45  Hydralisk  
  84  9:09  Zerg Missile Weapons Level 1  
  84  9:14  Hydralisk  
  113  9:28  Hydralisk x3  
  119  9:37  Hydralisk  
  121  9:41  Overlord x5  
  113  10:24  Hydralisk  
  113  10:25  Hydralisk x14  
  143  10:31  Queen  
  143  10:32  Queen  
  147  11:04  Overlord x5  
  156  11:05  Overlord  
  156  11:22  Hydralisk x6  
  156  11:23  Hydralisk x2  
  172  12:01  Hydralisk  
  172  12:02  Hydralisk x5  
  184  12:20  Hydralisk x3  
  190  12:26  Queen  
  190  12:27  Queen x3  
  190  12:28  Queen  
  192  13:28  Spore Crawler  
  191  13:35  Spore Crawler  
  191  13:37  Spore Crawler  
  191  13:38  Spore Crawler  
  191  13:41  Spore Crawler  
  187  14:01  Overlord x5  
  187  14:02  Overlord x2  
  190  14:49  Spore Crawler  
  190  14:50  Spore Crawler  
  188  14:58  Spore Crawler  
  188  14:59  Spore Crawler  
  186  15:00  Spore Crawler  
  186  15:02  Spore Crawler  
  186  15:05  Spore Crawler  
  179  15:21  Lair  
Tags
 
Add a new tag
Caveats
  • Supply blocks, unpowered buildings, or Contaminate may cause inaccurate times.
  • Supply counts are checked every 10 seconds.